 Dungeon Crawl Stone Soup version 0.27.1-4-g1640c2035a (webtiles) character file.

Game seed: 9438785919003994305

54 MisterFreud the Chopper (level 3, -2/33 HPs)
             Began as a Hill Orc Abyssal Knight on Nov 3, 2021.
             Was a Follower of Lugonu.
             Slain by Sigmund (6 damage)
             ... on level 2 of the Dungeon.
             The game lasted 00:01:11 (1041 turns).

MisterFreud the Chopper (Hill Orc Abyssal Knight)   Turns: 1041, Time: 00:01:12

Health: -2/33      AC:  3    Str: 15    XL:     3   Next: 91%
Magic:  5/5        EV: 11    Int: 12    God:    Lugonu [*.....]
Gold:   42         SH:  0    Dex: 10    Spells: 2/2 levels left

rFire    . . .     SeeInvis .   a - +1 hand axe
rCold    . . .     Faith    .   (no shield)
rNeg     . . .     Spirit   .   b - +0 leather armour
rPois    .         Reflect  .   (no helmet)
rElec    .         Harm     .   (no cloak)
rCorr    .         Rampage  .   (no gloves)
Will     .....                  (no boots)
Stlth    +.........             (no amulet)
HPRegen  0.11/turn              (no ring)
MPRegen  0.09/turn              (no ring)

@: no status effects
A: no striking features
a: Renounce Religion, Depart the Abyss


You were on level 2 of the Dungeon.
You worshipped Lugonu.
Lugonu was aware of your devotion.
You visited 1 branch of the dungeon, and saw 2 of its levels.
You visited the Abyss 1 time.

You collected 42 gold pieces.

Inventory:

Hand Weapons
 a - a +1 hand axe (weapon)
 f - a +0 short sword of electrocution
Armour
 b - a +0 leather armour (worn)
Scrolls
 d - a scroll of holy word {unknown}
 g - a scroll of noise {unknown}
Potions
 c - a potion of invisibility {unknown}
 e - a potion of brilliance {unknown}


   Skills:
 - Level 3.9 Fighting
 + Level 4.7 Axes
 - Level 2.5 Armour
 - Level 0.7 Dodging
 - Level 2.7 Invocations


You had 2 spell levels left.
You didn't know any spells.
Your spell library was empty.

Dungeon Overview and Level Annotations

Branches:
Dungeon (2/15)

Altars:

Annotations:
D:2 Sigmund


Message History

Sigmund the Dreaded comes into view.
He is wielding a +0 scythe.
Sigmund is nearby!
Sigmund is nearby!
Sigmund casts a spell at you. You resist with significant effort.
You closely miss Sigmund. Sigmund casts a spell at you.
You are confused.
You are too confused!
You bump into the rock wall.
Sigmund misses you.
Sigmund hits you from afar with a +0 scythe.
You bump into the rock wall.
Sigmund barely misses you.
You bump into the rock wall.
Sigmund hits you with a +0 scythe.
You bump into the rock wall.
You feel less confused.
You slash Sigmund!
Sigmund is moderately wounded.
Sigmund hits you with a +0 scythe.
You hit Sigmund.
Sigmund is moderately wounded.
Sigmund hits you with a +0 scythe.
You hit Sigmund.
Sigmund is moderately wounded.
Sigmund closely misses you.
You hit Sigmund but do no damage.
Sigmund is moderately wounded.
You hit Sigmund.
Sigmund is moderately wounded.
Sigmund hits you with a +0 scythe!
* * * LOW HITPOINT WARNING * * *
You hit Sigmund.
Sigmund is heavily wounded.
Sigmund hits you with a +0 scythe.
* * * LOW HITPOINT WARNING * * *
You hit Sigmund but do no damage.
Sigmund is heavily wounded.
Sigmund smiles chillingly.
Sigmund hits you with a +0 scythe.
You die...

### ... #########.# #
#..@@.....#...
#.####.......#
########+#.......#..#
#..........##.##.#
#..........##.# .###
#..........##.##....
# #................#
# #................+
#
#.......†...†....###


You could see Sigmund.

Vanquished Creatures
  Natasha (D:2)
  2 adders (D:2)
  A ball python (D:2)
  An endoplasm (D:2)
  2 hobgoblins (D:2)
  3 kobolds (D:2)
  2 frilled lizards
  A rat (D:2)
13 creatures vanquished.

Vanquished Creatures (others)
  6 fungi (D:2)
  3 plants (D:2)
9 creatures vanquished.

Grand Total: 22 creatures vanquished

Notes
Turn   | Place    | Note
-------+----------+-------------------------------------------
     0 | Abyss:1  | MisterFreud the Hill Orc Abyssal Knight began the quest for
                  | the Orb.
     0 | Abyss:1  | Reached XP level 1. HP: 19/19 MP: 2/2
    66 | Abyss:1  | Noticed a small abomination
    68 | Abyss:1  | Noticed a raiju
    69 | D:1      | Escaped the Abyss
   143 | D:1      | You fall into a shaft and drop 1 floor!
   193 | D:2      | Reached * piety under Lugonu
   194 | D:2      | Reached XP level 2. HP: 20/27 MP: 4/4
   273 | D:2      | Found a faded altar of an unknown god.
   298 | D:2      | Reached skill level 3 in Axes
   340 | D:2      | Reached XP level 3. HP: 19/33 MP: 5/5
   778 | D:2      | Noticed Natasha
   789 | D:2      | Killed Natasha
   790 | D:2      | Reached skill level 4 in Axes
  1025 | D:2      | Noticed Sigmund
  1041 | D:2      | Slain by Sigmund

Illustrated notes

Levels and vault maps discovered:
D:1:      giann_horns, layout_basic, serial_shops,
          nicolae_shop_competitors_out_of_business, st_stairs_4
D:2:      layout_basic, shapermc_ecumenical_altar_mp_urbaneastern, uniq_natasha,
          uniq_sigmund

Skill      XL: |  1  2  3 |
---------------+----------+-----
Axes           | 3 4 |  4.7
Fighting       | |  3.9
Armour         | |  2.5
Dodging        | |  0.7
Invocations    | |  2.7

Action                   || total
-------------------------++-------
Melee: Hand axe          ||    55
Invok: Depart the Abyss  ||     1
Armor: Leather armour    ||    14
Dodge: Dodged            ||    37
